 Dungeon Crawl Stone Soup version 0.22-a0-247-gbddf880757 (webtiles) character file.

16692 RedPan the Carver (level 12, -2/89 HPs)
             Began as a Demonspawn Monk on Feb 24, 2018.
             Was the Champion of Cheibriados.
             Slain by a soul eater (13 damage)
             ... summoned by a guardian mummy's death curse
             ... on level 12 of the Dungeon.
             The game lasted 00:25:09 (10187 turns).

RedPan the Carver (Demonspawn Monk)                Turns: 10187, Time: 00:25:10

Health: -2/89      AC: 18    Str: 28    XL:     12   Next: 12%
Magic:  16/16      EV: 19    Int: 26    God:    Cheibriados [******]
Gold:   630        SH:  8    Dex: 33    Spells: 11/11 levels left

rFire    . . .     SeeInvis .   f - +5 long sword "Pimio" {freeze, rC+ Str-2 Stlth+}
rCold    + . .     Gourm    .   m - +0 buckler
rNeg     . . .     Faith    .   r - +1 plate armour
rPois    +         Spirit   .   e - +0 helmet
rElec    .         Reflect  .   (no cloak)
rCorr    .         Harm     .   (no gloves)
MR       .....                  K - +1 pair of boots
Stlth    ..........             (no amulet)
HPRegen  0.24/turn              q - +3 ring of evasion
MPRegen  0.15/turn              G - ring of poison resistance

@: drained, very slow
A: talons 2, powered by death 3, spiny 2
a: Bend Time, Temporal Distortion, Slouch, Step From Time, Renounce Religion


You were on level 12 of the Dungeon.
You worshipped Cheibriados.
Cheibriados was exalted by your worship.
You were not hungry.

You visited 2 branches of the dungeon, and saw 13 of its levels.

You collected 630 gold pieces.

Inventory:

Hand Weapons
 a - a +1 long sword of electrocution
 f - the +5 long sword "Pimio" (weapon) {freeze, rC+ Str-2 Stlth+}
   (You found it on level 7 of the Dungeon)

   It has been specially enchanted to freeze those struck by it, causing extra
   injury to most foes and up to half again as much damage against particularly
   susceptible opponents.
   It can also slow down cold-blooded creatures.
   It affects your strength (-2).
   It protects you from cold.
   It makes you more stealthy.
 k - a +1 whip of flaming
 p - a +0 scimitar
 y - a +1 scimitar of freezing
Armour
 e - a +0 helmet (worn)
 m - a +0 buckler (worn)
 r - a +1 plate armour (worn)
 K - a +1 pair of boots (worn)
Magical Staves
 h - an uncursed staff of death
Jewellery
 q - a +3 ring of evasion (left hand)
 t - an uncursed amulet of guardian spirit
 v - a +4 ring of intelligence
 w - a +3 ring of intelligence
 A - an uncursed amulet of the acrobat
 C - an uncursed ring of positive energy
 G - a ring of poison resistance (right hand)
Wands
 s - a wand of digging (11)
 x - a wand of paralysis (10)
 E - a wand of flame (7)
Scrolls
 u - 7 scrolls of teleportation
 z - 2 scrolls of magic mapping
 B - a scroll of blinking
 D - a scroll of enchant weapon
Potions
 b - a potion of invisibility
 d - 2 potions of haste
 g - 3 potions of mutation
 i - 10 potions of curing
 l - 2 potions of might
 n - 2 potions of brilliance
 o - 4 potions of flight
 H - a potion of berserk rage {unknown}
 L - a potion of experience
Comestibles
 c - 23 rations
 F - 4 chunks of flesh


   Skills:
 + Level 6.4(5.3) Fighting
 - Level 10.0(8.7) Long Blades
 + Level 9.0(7.8) Armour
 + Level 9.5(8.3) Dodging
 - Level 1.7(0.8) Stealth
 + Level 7.5(6.3) Shields
 + Level 6.0(4.9) Invocations


You had 11 spell levels left.
You didn't know any spells.

Dungeon Overview and Level Annotations

Branches:
Dungeon (12/15)            Temple (1/1) D:4            Lair (0/6) D:9
    Orc (0/2) D:11

Altars:
Ashenzari
Cheibriados
Dithmenos
Elyvilon
Fedhas
Gozag
Hepliaklqana
Kikubaaqudgha
Makhleb
Nemelex Xobeh
Okawaru
Qazlal
Ru
Sif Muna
Trog
Uskayaw
Vehumet
Wu Jian
Xom
Yredelemnul
Zin
The Shining One
Beogh

Shops:
D:6 :   D:10 (


Innate Abilities, Weirdness & Mutations

You have razor-sharp toenails.
You regenerate a lot of health from kills.
You are mostly covered in sharp spines.


Message History

* * * LOW HITPOINT WARNING * * *
You hit the soul eater but do no damage.
The soul eater is severely wounded.
The soul eater is struck by your spines.
The soul eater closely misses you.
You hit the soul eater but do no damage.
The soul eater is severely wounded.
The soul eater draws from the surrounding life force!
* * * LOW HITPOINT WARNING * * *
The soul eater is healed.
Unknown command.
You closely miss the soul eater.
The soul eater is severely wounded.
The soul eater hits you!
* * * LOW HITPOINT WARNING * * *
You feel drained.
* * * LOW HITPOINT WARNING * * *
Unknown command.
You feel better. The soul eater hits you!
You die...

#......#...........#
#....y.#รท..........#
+......#...........#
#..T...#...........#
#......#...........#
#y.....#...........######
........+...........'.....
y.###.###...........#####.
#@................
.......3.........######.
#.#.###########..#....#.
#..#.##.#. #..#...<#.
#..#..#... ##........ #
#..####.. # ##.## #..


You could see a soul eater.

Vanquished Creatures
  5 two-headed ogres
  2 cyclopes (D:11)
  An ugly thing (D:11)
  A manticore (D:12)
  The ghost of Peterchen the Chopper, a novice MiBe of Trog (D:5)
  A guardian mummy (D:12)
  3 trolls
  A hippogriff (D:10)
  Sigmund (D:5)
  9 yaks
  A wyvern (D:9)
  2 basilisks (D:9)
  2 vampire mosquitoes (D:12)
  2 hungry ghosts
  Menkaure (D:5)
  3 porcupines (D:9)
  6 orc warriors
  3 black bears
  2 ice beasts
  A necrophage (D:11)
  5 ogres
  2 centaurs
  3 crocodiles (D:9)
  A big kobold (D:11)
  Blork the orc (D:6)
  5 bullfrogs
  14 killer bees
  2 howler monkeys
  5 wights (D:8)
  5 crimson imps
  A centaur zombie (D:11)
  7 hounds
  2 bullfrog zombies
  13 orc wizards
  2 jellies
  3 bullfrog skeletons
  12 orc priests
  2 centaur skeletons
  An iguana (D:9)
  2 worker ants
  A hound zombie (D:6)
  A worker ant zombie (D:7)
  6 gnolls
  10 adders
  2 shadow imps
  3 oozes
  An adder skeleton (D:6)
  2 worms
  2 dart slugs
  6 leopard geckos
  46 orcs
  6 giant cockroaches
  6 goblins
  8 hobgoblins
  10 jackals
  8 kobolds
  4 quokkas
  7 bats
  3 frilled lizards
  A jackal skeleton (D:9)
  A leopard gecko zombie (D:8)
  4 rats
274 creatures vanquished.

Vanquished Creatures (others)
  A killer bee (D:7)
  A bush (D:9)
  3 plants (D:9)
5 creatures vanquished.

Grand Total: 279 creatures vanquished

Notes
Turn   | Place    | Note
-------+----------+-------------------------------------------
     0 | D:1      | RedPan the Demonspawn Monk began the quest for the Orb.
     0 | D:1      | Reached XP level 1. HP: 18/18 MP: 1/1
   224 | D:1      | Gained mutation: You have sharp toenails. [demonic ancestry]
   224 | D:1      | Reached XP level 2. HP: 24/24 MP: 2/2
   255 | D:1      | Reached skill level 3 in Long Blades
   385 | D:1      | Reached skill level 1 in Armour
   997 | D:2      | Reached XP level 3. HP: 29/29 MP: 3/3
  1150 | D:2      | Found a faded altar of an unknown god.
  1291 | D:2      | Gained mutation: You regenerate a little health from kills. [demonic ancestry]
  1291 | D:2      | Reached XP level 4. HP: 32/35 MP: 4/4
  1707 | D:3      | Reached skill level 1 in Shields
  1897 | D:3      | Found a stormy altar of Qazlal.
  2051 | D:3      | Reached XP level 5. HP: 35/41 MP: 5/5
  2612 | D:4      | Found a staircase to the Ecumenical Temple.
  2623 | Temple   | Entered the Ecumenical Temple
  2672 | Temple   | Became a worshipper of Cheibriados the Contemplative
  2672 | Temple   | Reached * piety under Cheibriados
  2672 | Temple   | Reached ** piety under Cheibriados
  2905 | D:5      | Entered Level 5 of the Dungeon
  2905 | D:5      | Noticed Sigmund
  2965 | D:4      | Reached XP level 6. HP: 39/47 MP: 6/6
  3085 | D:5      | Noticed Peterchen's ghost (novice MiBe)
  3087 | D:5      | Reached skill level 4 in Long Blades
  3100 | D:5      | Killed Peterchen's ghost
  3100 | D:5      | Reached XP level 7. HP: 9/52 MP: 7/7
  3463 | D:5      | Killed Sigmund
  3907 | D:5      | Gained mutation: You are partially covered in sharp spines. [demonic ancestry]
  3907 | D:5      | Reached XP level 8. HP: 54/58 MP: 10/10
  3973 | D:5      | Noticed Menkaure
  3977 | D:5      | Killed Menkaure
  4218 | D:6      | Noticed Blork the orc
  4225 | D:6      | Killed Blork the orc
  4225 | D:6      | Reached skill level 5 in Dodging
  4235 | D:6      | Reached skill level 5 in Long Blades
  4497 | D:6      | Found Vori's Book Boutique.
  4631 | D:6      | Found a shimmering altar of Xom.
  4969 | D:7      | Reached skill level 6 in Long Blades
  4976 | D:7      | Reached *** piety under Cheibriados
  4984 | D:7      | Gained mutation: You regenerate health from kills. [demonic ancestry]
  4984 | D:7      | Reached XP level 9. HP: 60/63 MP: 12/12
  5148 | D:7      | Reached skill level 5 in Shields
  5354 | D:7      | Reached skill level 5 in Armour
  5426 | D:7      | Got a pitted long sword
  5427 | D:7      | Identified the +5 long sword "Pimio" {freeze, rC+ Str-2 Stlth+} (You found it on level 7 of the Dungeon)
  5536 | D:7      | Found a burning altar of Makhleb.
  5818 | D:7      | Reached skill level 10 in Long Blades
  5818 | D:7      | Gained mutation: You have razor-sharp toenails. [demonic ancestry]
  5818 | D:7      | Reached XP level 10. HP: 70/70 MP: 13/13
  5883 | D:8      | Noticed a two-headed ogre
  5888 | D:8      | Noticed a two-headed ogre
  5892 | D:8      | Killed a two-headed ogre
  5899 | D:8      | Killed a two-headed ogre
  6107 | D:8      | Reached **** piety under Cheibriados
  6804 | D:9      | Gained mutation: You regenerate a lot of health from kills. [demonic ancestry]
  6804 | D:9      | Reached XP level 11. HP: 77/77 MP: 14/14
  6846 | D:9      | Reached ***** piety under Cheibriados
  6861 | D:9      | Found a staircase to the Lair.
  7197 | D:9      | Noticed a two-headed ogre
  7207 | D:9      | Killed a two-headed ogre
  7691 | D:9      | Reached skill level 5 in Fighting
  7830 | D:10     | Entered Level 10 of the Dungeon
  8077 | D:10     | Noticed a two-headed ogre
  8086 | D:10     | Killed a two-headed ogre
  8134 | D:10     | Found Ehemnast's Antique Weapon Shop.
  8755 | D:11     | Noticed a purple ugly thing
  8763 | D:11     | Killed a purple ugly thing
  8983 | D:11     | Reached ****** piety under Cheibriados
  9005 | D:11     | Reached skill level 5 in Invocations
  9589 | D:11     | Found a staircase to the Orcish Mines.
  9668 | D:11     | Found a roughly hewn altar of Beogh.
  9945 | D:12     | Noticed a two-headed ogre
  9953 | D:12     | Killed a two-headed ogre
  9953 | D:12     | Gained mutation: You are mostly covered in sharp spines. [demonic ancestry]
  9953 | D:12     | Reached XP level 12. HP: 67/89 MP: 16/16
 10182 | D:12     | HP: 1/89 [soul eater[a guardian mummy's death curse] (15)]
 10187 | D:12     | Slain by a soul eater

Vault maps used:
D:1:      minmay_arrival_arboretum_small
D:2:      chequers_ecumenical_altar_simple_redux
D:3:      hangedman_abyss_or_decor_lesser_grid, nicolae_qazlal_general_emergency
D:4:      temple_fountains
D:5:      first_ration, uniq_sigmund, uniq_menkaure
D:6:      xom_butterflies, serial_shops, nicolae_shop_waterfront,
          eino_small_chamber_without_monster, uniq_blork_the_orc
D:7:      makhleb_heckhound_becter
D:9:      minmay_lair_entry_grove
D:10:     serial_shops, nicolae_shop_trees
D:11:     minmay_orc_entry_temple_small, blue_anna_alchemist
D:12:     nicolae_trove_entry_path_of_doom
Temple:   nicolae_temple_the_god_donut

Skill      XL: |  1  2  3  4  5  6  7  8  9 10 11 12 |
---------------+-------------------------------------+-----
Long Blades    | 3 4 6 10 | 10.0
Dodging        | 3 4 5 7 8 9 |  9.5
Armour         | 1 2 3 4 7 8 9 |  9.0
Shields        | 1 2 3 4 5 7 |  7.5
Invocations    | 3 4 5 6 |  6.0
Fighting       | 4 6 |  6.4
Stealth        | |  1.7

Action                   |  1- 3 |  4- 6 |  7- 9 | 10-12 || total
-------------------------+-------+-------+-------+-------++-------
Melee: Falchion          |    66 |       |       |       ||    66
       Kick              |    17 |    31 |    50 |   121 ||   219
       Scimitar          |     7 |     3 |       |     2 ||    12
       Long sword        |       |   105 |   128 |   315 ||   548
  Use: Scroll            |       |     5 |    10 |    11 ||    26
       Potion            |       |       |     1 |     2 ||     3
 Stab: Sleeping          |     6 |     6 |       |       ||    12
  Eat: Chunk             |     1 |     5 |     5 |     9 ||    20
Armor: Robe              |    16 |    15 |       |       ||    31
       Scale mail        |       |    15 |    26 |       ||    41
       Plate armour      |       |       |     9 |    51 ||    60
Dodge: Dodged            |    53 |    72 |    94 |   165 ||   384
Block: Buckler           |     2 |    26 |    35 |   115 ||   178
       Rpst.: Falchion   |    14 |       |       |       ||    14
       Scimitar          |     4 |       |       |     1 ||     5
       Long sword        |       |    25 |    33 |    52 ||   110

Table legend:
 A = Spawn XP
 B = Non-spawn XP
 C = Spawn XP percentage of total XP
 D = Spawn monster count
 E = Non-spawn monster count
 F = Spawn count percentage of total count
 G = Total turns spent on level
                    A         B        C        D         E        F      G
               +---------+---------+-------+---------+---------+-------+---------
         Total |       0 |   20128 |   0.0 |       0 |     275 |   0.0 | 10187
               +---------+---------+-------+---------+---------+-------+---------
           D:1 |       0 |      40 |   0.0 |       0 |      21 |   0.0 |   992
           D:2 |       0 |      71 |   0.0 |       0 |      18 |   0.0 |   631
           D:3 |       0 |      99 |   0.0 |       0 |      25 |   0.0 |   628
           D:4 |       0 |     205 |   0.0 |       0 |      12 |   0.0 |   746
           D:5 |       0 |    1196 |   0.0 |       0 |      15 |   0.0 |  1158
           D:6 |       0 |     793 |   0.0 |       0 |      16 |   0.0 |   742
           D:7 |       0 |    1388 |   0.0 |       0 |      30 |   0.0 |   915
           D:8 |       0 |    2712 |   0.0 |       0 |      22 |   0.0 |   872
           D:9 |       0 |    4030 |   0.0 |       0 |      36 |   0.0 |  1083
          D:10 |       0 |    2590 |   0.0 |       0 |      27 |   0.0 |   912
          D:11 |       0 |    3851 |   0.0 |       0 |      39 |   0.0 |  1136
          D:12 |       0 |    3153 |   0.0 |       0 |      14 |   0.0 |   309
               +---------+---------+-------+---------+---------+-------+---------
